APL (24 & UNDER)
BEAVERTON BRONZE SOULS @ SAVANNAH HOGS
06/04/2028
 
TOP OF THE 1ST
Beaverton Bronze Souls batting - Pitching for Savannah Hogs : RHP Danny Lee
Pitching: RHP Danny Lee
Batting: LHB Alonso Contreras 0-0: Ball
1-0: Called Strike
1-1: Ball
2-1: Fly out, F7 (Flyball, 7)
Batting: LHB Luis Aragón 0-0: Called Strike
0-1: Foul Ball, location: 2F
0-2: Ball
1-2: Ball
2-2: Ground out 4-3 (Groundball, 4)
Batting: SHB Felipe Castro 0-0: Called Strike
0-1: Ball
1-1: Ball
2-1: Ball
3-1: Foul Ball, location: 2F
3-2: Strikes out looking
Top of the 1st over - 0 run(s), 0 hit(s), 0 error(s), 0 left on base; Beaverton 0 - Savannah 0
BOTTOM OF THE 1ST
Savannah Hogs batting - Pitching for Beaverton Bronze Souls : LHP Germán Sánchez
Pitching: LHP Germán Sánchez
Batting: RHB Ramón Gómez 0-0: Swinging Strike
0-1: Ball
1-1: Swinging Strike
1-2: Ball
2-2: Strikes out swinging
Batting: LHB Marv Alexander 0-0: Called Strike
0-1: Foul Ball, location: 2F
0-2: Ball
1-2: Foul Ball, location: 2F
1-2: Ball
2-2: Strikes out swinging
Batting: LHB Mario Álvarez 0-0: Called Strike
0-1: Ball
1-1: Ground out U3 (Groundball, 34)
Bottom of the 1st over - 0 run(s), 0 hit(s), 0 error(s), 0 left on base; Beaverton 0 - Savannah 0
TOP OF THE 2ND
Beaverton Bronze Souls batting - Pitching for Savannah Hogs : RHP Danny Lee
Batting: RHB Rusty Anderson 0-0: Fly out, F4 (Popup, 4D)
Batting: RHB David Kerr 0-0: Called Strike
0-1: Fly out, F9 (Flyball, 9LS)
Batting: LHB Juan Palácios 0-0: Ball
1-0: Called Strike
1-1: Foul Ball, location: 2F
1-2: Fly out, F7 (Flyball, 7LM)
Top of the 2nd over - 0 run(s), 0 hit(s), 0 error(s), 0 left on base; Beaverton 0 - Savannah 0
BOTTOM OF THE 2ND
Savannah Hogs batting - Pitching for Beaverton Bronze Souls : LHP Germán Sánchez
Batting: LHB Juan Vásquez 0-0: DOUBLE (Line Drive, 89M)
Batting: RHB Alex Whitehead 0-0: Ball
1-0: Ball
2-0: Ball
3-0: Base on Balls
Batting: LHB Miguel Medellín 0-0: Ball
1-0: Swinging Strike
1-1: Called Strike
1-2: Ball
Wild Pitch!
Juan Vásquez to third
Alex Whitehead to second
2-2: Strikes out looking
Batting: RHB José Fajardo 0-0: Called Strike
0-1: Ball
1-1: Foul Ball, location: 2F
1-2: Ground out 5-3 (Groundball, 56)
Juan Vásquez scores
Batting: LHB Marv Gardner 0-0: SINGLE (Groundball, 4MD)
Alex Whitehead to third
Runner from 3rd tries for Home, SAFE, no throw
Batting: RHB Guillermo González 0-0: Called Strike
0-1: Ball
Wild Pitch!
Marv Gardner to second
1-1: Foul Ball, location: 2F
1-2: Ball
2-2: Ball
3-2: Fly out, F7 (Line Drive, 78M)
Bottom of the 2nd over - 2 run(s), 2 hit(s), 0 error(s), 1 left on base; Beaverton 0 - Savannah 2
TOP OF THE 3RD
Beaverton Bronze Souls batting - Pitching for Savannah Hogs : RHP Danny Lee
Batting: SHB Alberto Sandoval 0-0: Swinging Strike
0-1: Foul Ball, location: 2F
0-2: Ball
1-2: DOUBLE (Line Drive, 9LD)
Batting: RHB Ed Fuhrman 0-0: Ball
1-0: Ground out 4-3 (Groundball, 4)
Alberto Sandoval to third
Batting: SHB Caleb Hart 0-0: Ball
1-0: Ground out 6-3 (Groundball, 6)
Alberto Sandoval scores
Batting: LHB Alonso Contreras 0-0: Ball
1-0: Foul Ball, location: 2F
1-1: Swinging Strike
1-2: Foul Ball, location: 2F
1-2: Strikes out swinging
Top of the 3rd over - 1 run(s), 1 hit(s), 0 error(s), 0 left on base; Beaverton 1 - Savannah 2
BOTTOM OF THE 3RD
Savannah Hogs batting - Pitching for Beaverton Bronze Souls : LHP Germán Sánchez
Batting: RHB Ramón Gómez 0-0: Swinging Strike
0-1: Ball
1-1: Called Strike
1-2: Strikes out swinging
Batting: LHB Marv Alexander 0-0: Called Strike
0-1: Ball
1-1: SINGLE (Groundball, 34S) (infield hit)
Batting: LHB Mario Álvarez 0-0: Ball
1-0: Fly out, F8 (Flyball, 8LM)
Batting: LHB Juan Vásquez 0-0: Called Strike
0-1: Foul Ball, location: 2F
0-2: Strikes out swinging
Bottom of the 3rd over - 0 run(s), 1 hit(s), 0 error(s), 1 left on base; Beaverton 1 - Savannah 2
TOP OF THE 4TH
Beaverton Bronze Souls batting - Pitching for Savannah Hogs : RHP Danny Lee
Batting: LHB Luis Aragón 0-0: Ball
1-0: Called Strike
1-1: Ball
2-1: Swinging Strike
2-2: Fly out, F7 (Flyball, 7S)
Batting: SHB Felipe Castro 0-0: Foul Ball, location: 2F
0-1: Foul Ball, location: 2F
0-2: Foul Ball, location: 2F
0-2: Strikes out swinging
Batting: RHB Rusty Anderson 0-0: Called Strike
0-1: Swinging Strike
0-2: Ball
1-2: Strikes out swinging, 2-3 out at first.
Top of the 4th over - 0 run(s), 0 hit(s), 0 error(s), 0 left on base; Beaverton 1 - Savannah 2
BOTTOM OF THE 4TH
Savannah Hogs batting - Pitching for Beaverton Bronze Souls : LHP Germán Sánchez
Batting: RHB Alex Whitehead 0-0: Ball
1-0: Foul Ball, location: 2F
1-1: Ball
2-1: Foul Ball, location: 2F
2-2: DOUBLE (Line Drive, 8RD)
Batting: LHB Miguel Medellín 0-0: Ball
1-0: Called Strike
1-1: Ball
2-1: Called Strike
2-2: Foul Ball, location: 2F
2-2: Ball
3-2: Base on Balls
Batting: RHB José Fajardo 0-0: Called Strike
0-1: Ball
1-1: Foul Ball, location: 2F
1-2: 3-RUN HOME RUN (Flyball, 7D), Distance : 364 ft
Batting: LHB Marv Gardner 0-0: Foul Ball, location: 2F
0-1: Swinging Strike
0-2: Ball
1-2: Strikes out looking
Batting: RHB Guillermo González 0-0: Ball
1-0: Swinging Strike
1-1: Swinging Strike
1-2: Ball
2-2: Ball
3-2: Strikes out swinging
Batting: RHB Ramón Gómez 0-0: Ground out 1-3 (Groundball, 13S)
Bottom of the 4th over - 3 run(s), 2 hit(s), 0 error(s), 0 left on base; Beaverton 1 - Savannah 5
TOP OF THE 5TH
Beaverton Bronze Souls batting - Pitching for Savannah Hogs : RHP Danny Lee
Batting: RHB David Kerr 0-0: Called Strike
0-1: Foul Ball, location: 2F
0-2: Ball
1-2: Ball
2-2: Foul Ball, location: 2F
2-2: Foul Ball, location: 2F
2-2: Strikes out looking
Batting: LHB Juan Palácios 0-0: Foul Ball, location: 2F
0-1: Foul Ball, location: 2F
0-2: Ball
1-2: Strikes out swinging
Batting: SHB Alberto Sandoval 0-0: Ball
1-0: Ground out 6-3 (Groundball, 6D)
Top of the 5th over - 0 run(s), 0 hit(s), 0 error(s), 0 left on base; Beaverton 1 - Savannah 5
BOTTOM OF THE 5TH
Savannah Hogs batting - Pitching for Beaverton Bronze Souls : LHP Al McGuire
Pitching: LHP Al McGuire
Batting: LHB Marv Alexander 0-0: Foul Ball, location: 2F
0-1: Hit by Pitch
Batting: LHB Mario Álvarez 0-0: Ball
1-0: Called Strike
1-1: Foul Ball, location: 2F
1-2: Strikes out looking
Batting: LHB Juan Vásquez 0-0: Called Strike
0-1: Foul Ball, location: 2F
0-2: Strikes out swinging
Batting: RHB Alex Whitehead 0-0: Called Strike
0-1: Ball
1-1: Ball
2-1: Foul Ball, location: 2F
2-2: Foul Ball, location: 2F
2-2: Strikes out swinging
Bottom of the 5th over - 0 run(s), 0 hit(s), 0 error(s), 1 left on base; Beaverton 1 - Savannah 5
TOP OF THE 6TH
Beaverton Bronze Souls batting - Pitching for Savannah Hogs : RHP Danny Lee
Batting: RHB Ed Fuhrman 0-0: Ball
1-0: Foul Ball, location: 2F
1-1: Called Strike
1-2: Strikes out swinging
Batting: SHB Caleb Hart 0-0: Fly out, F3 (Popup, 3S)
Batting: LHB Alonso Contreras 0-0: Fly out, F8 (Flyball, 78M)
Top of the 6th over - 0 run(s), 0 hit(s), 0 error(s), 0 left on base; Beaverton 1 - Savannah 5
BOTTOM OF THE 6TH
Savannah Hogs batting - Pitching for Beaverton Bronze Souls : LHP Al McGuire
Batting: LHB Miguel Medellín 0-0: Ground out 1-3 (Groundball, 13S)
Batting: RHB José Fajardo 0-0: Called Strike
0-1: Ball
1-1: Swinging Strike
1-2: Foul Ball, location: 2F
1-2: Ball
2-2: Ball
3-2: Ground out 3-1 (Groundball, 34S)
Batting: LHB Marv Gardner 0-0: Ball
1-0: Foul Ball, location: 2F
1-1: Called Strike
1-2: Strikes out swinging
Bottom of the 6th over - 0 run(s), 0 hit(s), 0 error(s), 0 left on base; Beaverton 1 - Savannah 5
TOP OF THE 7TH
Beaverton Bronze Souls batting - Pitching for Savannah Hogs : RHP Danny Lee
Batting: LHB Luis Aragón 0-0: Swinging Strike
0-1: Foul Ball, location: 2F
0-2: Hit by Pitch
Batting: SHB Felipe Castro 0-0: Called Strike
0-1: Foul Ball, location: 2F
0-2: Fly out, F8 (Flyball, 8RS)
Batting: RHB Rusty Anderson 0-0: Grounds into double play, 4-6-3 (Groundball, 4)
Top of the 7th over - 0 run(s), 0 hit(s), 0 error(s), 0 left on base; Beaverton 1 - Savannah 5
BOTTOM OF THE 7TH
Savannah Hogs batting - Pitching for Beaverton Bronze Souls : LHP Al McGuire
Batting: RHB Guillermo González 0-0: Foul Ball, location: 2F
0-1: Foul Ball, location: 2F
0-2: Foul Ball, location: 2F
0-2: Strikes out swinging
Batting: RHB Ramón Gómez 0-0: Ball
1-0: Swinging Strike
1-1: Ball
2-1: Ball
3-1: Ground out 6-3 (Groundball, 6S)
Batting: LHB Marv Alexander 0-0: Swinging Strike
0-1: Fly out, F8 (Flyball, 8LM)
Bottom of the 7th over - 0 run(s), 0 hit(s), 0 error(s), 0 left on base; Beaverton 1 - Savannah 5
TOP OF THE 8TH
Beaverton Bronze Souls batting - Pitching for Savannah Hogs : RHP Danny Lee
Batting: RHB David Kerr 0-0: Ball
1-0: Ball
2-0: Called Strike
2-1: Ball
3-1: Swinging Strike
3-2: Base on Balls
Batting: LHB Juan Palácios 0-0: Ball
1-0: Called Strike
1-1: Foul Ball, location: 2F
1-2: Strikes out swinging
Batting: SHB Alberto Sandoval 0-0: Swinging Strike
0-1: Ball
1-1: Ball
2-1: Foul Ball, location: 2F
2-2: Ball
3-2: Foul Ball, location: 2F
3-2: Fielders Choice at 2nd, 4-6 (Groundball, 4)
Pitching: RHP Ramón Martínez
Batting: RHB Ed Fuhrman 0-0: Called Strike
0-1: Fly out, F9 (Line Drive, 9S)
Top of the 8th over - 0 run(s), 0 hit(s), 0 error(s), 1 left on base; Beaverton 1 - Savannah 5
BOTTOM OF THE 8TH
Savannah Hogs batting - Pitching for Beaverton Bronze Souls : LHP Al McGuire
Batting: LHB Mario Álvarez 0-0: Called Strike
0-1: Fly out, F6 (Popup, 5D)
Batting: LHB Juan Vásquez 0-0: Ball
1-0: Called Strike
1-1: Ball
2-1: Foul Ball, location: 2F
2-2: Strikes out swinging
Batting: RHB Alex Whitehead 0-0: Ball
1-0: Called Strike
1-1: Ball
2-1: Foul Ball, location: 2F
2-2: Strikes out swinging
Bottom of the 8th over - 0 run(s), 0 hit(s), 0 error(s), 0 left on base; Beaverton 1 - Savannah 5
TOP OF THE 9TH
Beaverton Bronze Souls batting - Pitching for Savannah Hogs : RHP Ramón Martínez
Batting: SHB Caleb Hart 0-0: Swinging Strike
0-1: Foul Ball, location: 2F
0-2: DOUBLE (Flyball, 8RXD) - OUT at third base trying to stretch hit.
Batting: LHB Alonso Contreras 0-0: Ball
1-0: Foul Ball, location: 2F
1-1: Foul Ball, location: 2F
1-2: Strikes out swinging
Batting: LHB Luis Aragón 0-0: Ball
1-0: Foul Ball, location: 2F
1-1: Ball
2-1: Ball
3-1: Foul Ball, location: 2F
3-2: Strikes out swinging
Top of the 9th over - 0 run(s), 1 hit(s), 0 error(s), 0 left on base; Beaverton 1 - Savannah 5
Tuesday, August 8th, 2017 - OOTP Baseball 17.12 Build 75